3123 views
Uploaded 2019-12-28 13:33:55
Game version 1.32.0.4
3:22 long 2on2 ladder game on (4)CentaurGrove
Saved by BEARAND
3123 views
Uploaded 2019-12-28 13:33:55
Game version 1.32.0.4
3:22 long 2on2 ladder game on (4)CentaurGrove


23 units @ 1.7k
/ 0k
18 buildings @ 1.8k
/ 0.6k

| Healing Salve | 1 | 100 |
| total: | 1 | 100g |
| Peon | 11 | 825 | / | 0 |
| total: | 11 | 825g | / | 0w |
| Watch Tower | 3 | 330 | / | 240 |
| Altar of Storms | 1 | 180 | / | 50 |
| Orc Burrow | 2 | 320 | / | 80 |
| War Mill | 1 | 205 | / | 0 |
| Voodoo Lounge | 1 | 130 | / | 30 |
| total: | 8 | 1165g | / | 400w |
| 0:04 | Peon |
| 0:04 | Peon |
| 0:07 | Altar of Storms |
| 0:20 | Orc Burrow |
| 0:26 | Peon |
| 0:38 | Peon |
| 0:50 | War Mill |
| 1:03 | Voodoo Lounge |
| 1:06 | Peon |
| 1:18 | Peon |
| 1:19 | Peon |
| 1:34 | Orc Burrow |
| 1:37 | Peon |
| 1:51 | Peon |
| 2:09 | Watch Tower |
| 2:17 | Wind Walk |
| 2:19 | Healing Salve |
| 2:25 | Peon |
| 2:32 | Watch Tower |
| 2:40 | Peon |
| 3:01 | Watch Tower |
| Right click | 132 |
| Select | 66 |
| Build/train/purchase | 15 |
| Assign group | 1 |

| Peasant | 12 | 900 | / | 0 |
| total: | 12 | 900g | / | 0w |
| Scout Tower | 6 | 180 | / | 120 |
| Arcane Tower | 2 | 140 | / | 100 |
| Guard Tower | 3 | 210 | / | 150 |
| Altar of Kings | 1 | 180 | / | 50 |
| Farm | 2 | 160 | / | 40 |
| Lumber Mill | 1 | 120 | / | 0 |
| total: | 10 | 640g | / | 210w |
| 0:02 | Peasant |
| 0:02 | Peasant |
| 0:13 | Altar of Kings |
| 0:20 | Farm |
| 0:22 | Peasant |
| 0:34 | Peasant |
| 0:36 | Farm |
| 0:44 | Scout Tower |
| 0:44 | Peasant |
| 0:54 | Peasant |
| 1:07 | Peasant |
| 1:22 | Lumber Mill |
| 1:25 | Peasant |
| 1:34 | Peasant |
| 1:36 | Scout Tower |
| 1:41 | Scout Tower |
| 1:42 | Arcane Tower |
| 2:00 | Peasant |
| 2:11 | Scout Tower |
| 2:12 | Peasant |
| 2:25 | Summon Water Elemental |
| 2:39 | Peasant |
| 2:41 | Guard Tower |
| 2:41 | Guard Tower |
| 2:44 | Scout Tower |
| 2:46 | Scout Tower |
| Right click | 157 |
| Select | 53 |
| Select group | 35 |
| Build/train/purchase | 29 |
| Chat | 12 |
| Assign group | 6 |
| Misc. action | 4 |
| Minimap ping | 1 |
14 units @ 1.5k
/ 0k
12 buildings @ 2.1k
/ 0.5k
| Rod of Necromancy | 1 | 150 |
| Sacrificial Skull | 1 | 50 |
| total: | 2 | 200g |
| Acolyte | 3 | 225 | / | 0 |
| Ghoul | 5 | 600 | / | 0 |
| total: | 8 | 825g | / | 0w |
| Nerubian Tower | 1 | 100 | / | 20 |
| Crypt | 1 | 200 | / | 50 |
| Ziggurat | 2 | 300 | / | 100 |
| Altar of Darkness | 1 | 180 | / | 50 |
| Tomb of Relics | 1 | 130 | / | 30 |
| total: | 5 | 810g | / | 230w |
| 0:03 | Acolyte |
| 0:03 | Acolyte |
| 0:09 | Crypt |
| 0:10 | Ziggurat |
| 0:36 | Altar of Darkness |
| 1:00 | Ziggurat |
| 1:11 | Ghoul |
| 1:18 | Tomb of Relics |
| 1:28 | Ghoul |
| 1:39 | Ghoul |
| 1:52 | Ghoul |
| 2:12 | Acolyte |
| 2:14 | Ghoul |
| 2:35 | Rod of Necromancy |
| 2:35 | Sacrificial Skull |
| 2:48 | Nerubian Tower |
| Right click | 77 |
| Select | 60 |
| Build/train/purchase | 12 |
| Misc. action | 5 |
| Acolyte | 2 | 150 | / | 0 |
| Ghoul | 4 | 480 | / | 0 |
| total: | 6 | 630g | / | 0w |
| Crypt | 2 | 400 | / | 100 |
| Ziggurat | 3 | 450 | / | 150 |
| Altar of Darkness | 1 | 180 | / | 50 |
| Graveyard | 1 | 215 | / | 0 |
| total: | 7 | 1245g | / | 300w |
| 0:04 | Acolyte |
| 0:04 | Acolyte |
| 0:25 | Crypt |
| 0:29 | Ziggurat |
| 0:37 | Altar of Darkness |
| 0:54 | Ziggurat |
| 1:26 | Ghoul |
| 2:05 | Ghoul |
| 2:16 | Crypt |
| 2:21 | Graveyard |
| 2:25 | Ghoul |
| 2:33 | Ziggurat |
| 2:44 | Ghoul |
| Select | 54 |
| Right click | 34 |
| Chat | 31 |
| Build/train/purchase | 7 |
โ